 Dungeon Crawl Stone Soup version 0.24.0-1-gfbc8707122 (webtiles) character file.

Game seed: 4371830955427664301, levelgen mode: deterministic

3780 Emblim88 the Archer (level 9, -1/75 HPs)
             Began as a Centaur Hunter on Oct 27, 2019.
             Was an Elder of Fedhas.
             Slain by a vampire mosquito (3 damage)
             ... on level 8 of the Dungeon.
             The game lasted 00:18:51 (9210 turns).

Emblim88 the Archer (Centaur Hunter)                Turns: 9210, Time: 00:18:51

Health: -1/75      AC:  7    Str: 16    XL:     9   Next: 95%
Magic:  14/14      EV:  9    Int: 10    God:    Fedhas [****..]
Gold:   302        SH:  0    Dex: 16    Spells: 5/8 levels left

rFire    . . .     SeeInvis .   z - +8 rapier "Olyaw" {pierce, Str+2}
rCold    + . .     Gourm    +   (no shield)
rNeg     . . .     Faith    .   j - +0 scale mail
rPois    .         Spirit   .   F - +0 helmet
rElec    .         Reflect  .   (no cloak)
rCorr    .         Harm     .   (no gloves)
MR       .....                  (no barding)
Stlth    ..........             s - amulet of the gourmand
HPRegen  0.22/turn              A - ring "Sufeutz" {rC+ Dex+2}
MPRegen  0.14/turn              (no ring)

@: very quick
A: large, hooves 3, deformed body, speed 2, tough skin 3
a: Wall of Briars, Grow Ballistomycete, Overgrow, Renounce Religion


You were on level 8 of the Dungeon.
You worshipped Fedhas.
Fedhas was greatly pleased with you.
You were not hungry.

You visited 1 branch of the dungeon, and saw 8 of its levels.

You collected 578 gold pieces.
You spent 276 gold pieces at shops.

Inventory:

Hand Weapons
 a - a +1 shortbow
 x - a +0 hunting sling
 z - the +8 rapier "Olyaw" (weapon) {pierce, Str+2}
   (You found it on level 5 of the Dungeon)

   It inflicts extra damage upon your enemies.
   It affects your strength (+2).
 B - a +0 arbalest
Missiles
 d - 81 arrows
 h - 27 bolts
 p - 46 sling bullets
 I - 82 stones (quivered)
Armour
 c - a +0 leather armour
 j - a +0 scale mail (worn)
 F - a +0 helmet (worn)
Jewellery
 s - an amulet of the gourmand (around neck)
 A - the ring "Sufeutz" (left hand) {rC+ Dex+2}
   (You bought it in a shop on level 6 of the Dungeon)

   [ring of dexterity]

   It affects your dexterity (+2).
   It protects you from cold.
Wands
 w - a wand of digging (5)
 C - a wand of random effects (23)
 D - a wand of paralysis (9)
 E - a wand of disintegration (14)
 G - a wand of polymorph (7)
Scrolls
 e - a scroll of fog {unknown}
 g - 2 scrolls of teleportation
 m - 2 scrolls of enchant armour
 n - 4 scrolls of remove curse
 o - 2 scrolls of fear
 q - a scroll of amnesia
 u - 2 scrolls of enchant weapon
 y - a scroll of immolation {unknown}
Potions
 b - 2 potions of flight
 k - 2 potions of lignification
 l - a potion of might
 r - a potion of mutation
 t - a potion of invisibility
 v - a potion of haste
Comestibles
 f - 15 rations


   Skills:
 + Level 5.9 Fighting
 - Level 3.4 Short Blades
 + Level 9.3 Bows
 - Level 3.3 Dodging
 - Level 0.4 Stealth
 + Level 3.7 Hexes
 * Level 7.8 Invocations
 * Level 5.1 Evocations


You had 5 spell levels left.
You knew the following spells:

 Your Spells              Type           Power        Failure   Level  Hunger
a - Confuse               Hex            #.......     67%         3    ####...

Your spell library contained the following spells:

 Spells                   Type           Power        Failure   Level  Hunger
 Confusing Touch          Hex            #.....       32%         1    ##.....
 Corona                   Hex            #......      32%         1    ##.....
 Tukima's Dance           Hex            #.......     67%         3    ####...
 Ensorcelled Hibernation  Hex/Ice        #.....       71%         2    ###....
 Sandblast                Erth           #.....       82%         1    ##.....
 Sting                    Conj/Pois      #...         82%         1    ##.....
 Dazzling Spray           Conj/Hex       #.....       90%         3    ####...
 Passwall                 Tmut/Erth      #.......     91%         2    ###....
 Poisonous Vapours        Pois/Air       #.....       91%         2    ###....
 Gell's Gravitas          Tloc           #.........   99%         3    ####...
 Mephitic Cloud           Conj/Pois/Air  #.......     99%         3    ####...
 Stone Arrow              Conj/Erth      #.....       99%         3    ####...
 Olgreb's Toxic Radiance  Pois           #.......     100%        4    #####..
 Petrify                  Tmut/Erth      #.......     100%        4    #####..
 Lee's Rapid Deconstruct  Erth           #.........   100%        5    ######.
 Metabolic Englaciation   Hex/Ice        #.........   100%        5    ######.
 Venom Bolt               Conj/Pois      #.........   100%        5    ######.
 Yara's Violent Unravell  Hex/Tmut       #.........   100%        5    ######.


Dungeon Overview and Level Annotations

Branches:
Dungeon (8/15)             Temple (0/1) D:5
   Lair: D:8-11

Altars:
Ashenzari
Cheibriados
Fedhas
Gozag
Hepliaklqana
Nemelex Xobeh
Okawaru
Ru
Trog
Vehumet
Wu Jian
Zin
The Shining One

Shops:
D:6 =   D:8 *

Annotations:
D:5 1 runed translucent door, thelollipopguild's ghost, amateur HaAK


Innate Abilities, Weirdness & Mutations

You have hooves in place of feet.
Armour fits poorly on your strangely shaped body.
You cover ground very quickly.
You have extremely tough skin. (AC +3)


Message History

* * * LOW HITPOINT WARNING * * *
The vampire mosquito draws strength from your injuries!
You barely miss the vampire mosquito. Your kick misses the vampire mosquito.
The vampire mosquito is moderately damaged.
The vampire mosquito bites you!
* * * LOW HITPOINT WARNING * * *
The vampire mosquito draws strength from your injuries!
The vampire mosquito bites you but does no damage.
You puncture the vampire mosquito!
The vampire mosquito is moderately damaged.
The vampire mosquito bites you.
* * * LOW HITPOINT WARNING * * *
The vampire mosquito draws strength from your injuries!
Okay, then.
You puncture the vampire mosquito!
You kick the vampire mosquito, but do no damage.
The vampire mosquito is severely damaged.
The vampire mosquito barely misses you. The vampire mosquito bites you.
You die...
Fedhas appreciates your contribution to the ecosystem.

......#.#.###.#.##
...#.##.##...##.#
##.#.##.###.###.#
#..........# #.#
###.##.#######.#
#.##.........#
####.#################
.....# #.yc..# ####.#
#@###.#
.)##.###########.###(####
#...#.............##y...#
###..#.####..###..##.##.#
#.)..# #..........c.(#
'###...# #.####'###....#
.#8#...# #.# .⌠# ##...#
......## #.# ..# ##.y#
......# #.# _.# 8..#


You could see a centaur warrior and a vampire mosquito.

Vanquished Creatures
  2 two-headed ogres (D:8)
  Sigmund (D:3)
  An orc warrior (D:8)
  A black bear (D:6)
  A phantom (D:5)
  5 ogres
  2 centaurs
  6 bullfrogs
  3 howler monkeys (D:8)
  2 crimson imps
  5 jellies
  2 orc priests (D:8)
  8 orc wizards
  A centaur skeleton (D:4)
  An iguana (D:7)
  9 worker ants
  A worker ant zombie (D:7)
  A howler monkey zombie (D:6)
  7 adders
  A shadow imp (D:6)
  5 oozes (D:8)
  3 worms
  2 dart slugs (D:1)
  7 leopard geckos
  33 orcs
  A ball python (D:4)
  10 bats
  8 giant cockroaches
  10 goblins
  4 hobgoblins
  9 jackals
  5 quokkas
  5 frilled lizards
  7 kobolds
  A quokka zombie (D:8)
  7 rats
177 creatures vanquished.

Notes
Turn   | Place    | Note
-------+----------+-------------------------------------------
     0 | D:1      | Emblim88 the Centaur Hunter began the quest for the Orb.
     0 | D:1      | Reached XP level 1. HP: 17/17 MP: 1/1
    88 | D:1      | Reached XP level 2. HP: 24/24 MP: 2/2
   437 | D:1      | Reached skill level 1 in Short Blades
   438 | D:1      | Reached XP level 3. HP: 22/30 MP: 3/3
   546 | D:2      | Found a sacrificial altar of Ru.
   570 | D:2      | Found a blossoming altar of Fedhas.
   582 | D:2      | Became a worshipper of Fedhas Madash
   613 | D:2      | Found an opulent altar of Gozag.
   994 | D:2      | Found an iron altar of Okawaru.
  1157 | D:2      | Noticed an ogre
  1172 | D:2      | Killed an ogre
  1172 | D:2      | Reached skill level 6 in Bows
  1172 | D:2      | Reached XP level 4. HP: 25/38 MP: 4/4
  1172 | D:2      | Reached XP level 5. HP: 29/45 MP: 5/5
  1534 | D:3      | Reached * piety under Fedhas
  1633 | D:3      | Noticed Sigmund
  1854 | D:3      | Reached skill level 1 in Invocations
  1894 | D:3      | Found a sparkling altar of Nemelex Xobeh.
  1956 | D:3      | Killed Sigmund
  1956 | D:3      | Reached XP level 6. HP: 32/51 MP: 5/7
  3469 | D:4      | Reached XP level 7. HP: 50/58 MP: 9/9
  3653 | D:4      | Found a snail-covered altar of Cheibriados.
  3653 | D:4      | Found a hazy altar of Hepliaklqana.
  3724 | D:4      | Reached skill level 7 in Bows
  3726 | D:4      | Reached ** piety under Fedhas
  3945 | D:4      | Found a radiant altar of Vehumet.
  3945 | D:4      | Found a glowing silver altar of Zin.
  3945 | D:4      | Found a bloodstained altar of Trog.
  4009 | D:5      | Entered Level 5 of the Dungeon
  4050 | D:5      | Found a runed translucent door.
  4050 | D:5      | Noticed thelollipopguild's ghost (amateur HaAK)
  4597 | D:5      | Found a glowing golden altar of the Shining One.
  4698 | D:5      | Found a staircase to the Ecumenical Temple.
  4746 | D:5      | Got an iridescent rapier
  4747 | D:5      | Identified the +8 rapier "Olyaw" {pierce, Str+2} (You found
                  | it on level 5 of the Dungeon)
  5344 | D:6      | Learned a level 3 spell: Confuse
  5347 | D:6      | Found Xeraraq's Jewellery Shoppe.
  5354 | D:6      | Bought the ring "Sufeutz" {rC+ Dex+2} for 258 gold pieces
  5734 | D:6      | Reached XP level 8. HP: 67/67 MP: 11/11
  5964 | D:7      | Reached skill level 1 in Hexes
  5964 | D:7      | Reached skill level 1 in Evocations
  5970 | D:7      | Reached skill level 5 in Invocations
  6035 | D:7      | Found an ornate altar of the Wu Jian Council.
  6903 | D:8      | Reached skill level 8 in Bows
  6917 | D:8      | Reached *** piety under Fedhas
  6990 | D:8      | Reached skill level 5 in Fighting
  7085 | D:8      | Noticed a two-headed ogre
  7166 | D:8      | Noticed a two-headed ogre
  7272 | D:8      | Killed a two-headed ogre
  7272 | D:8      | Reached XP level 9. HP: 46/74 MP: 12/14
  7298 | D:8      | Found Pecuhergh's General Store.
  7914 | D:8      | Killed a two-headed ogre
  7914 | D:8      | Reached skill level 9 in Bows
  7956 | D:8      | Noticed a gargoyle
  7958 | D:8      | Noticed a gargoyle
  8426 | D:8      | Bought a +0 hunting sling for 18 gold pieces
  8541 | D:8      | Reached skill level 5 in Evocations
  8970 | D:8      | Reached **** piety under Fedhas
  9175 | D:8      | Found a shattered altar of Ashenzari.
  9186 | D:8      | Noticed a centaur warrior
  9209 | D:8      | HP: 2/75 [vampire mosquito (6)]
  9210 | D:8      | Slain by a vampire mosquito

Levels and vault maps discovered:
D:1:      minmay_arrival_solitary_statue, layout_rooms
D:2:      layout_loops_corners, okawaru_metal_pillars_1_2,
          grunt_gozag_breadcrumbs, old_standard_altar,
          nicolae_overflow_crystal_walls, minmay_quantized
D:3:      layout_basic, overflow_temple_1_default, uniq_sigmund
D:4:      layout_cave_pools, minitemple, gammafunk_temple_overflow_pools,
          first_ration, chequers_jeans
D:5:      layout_gridville, tso_altar, minmay_temple_entry_tees,
          gammafunk_ghost_grave
D:6:      layout_basic, serial_shops, shop
D:7:      layout_loops_ring, old_standard_altar
D:8:      cheibrodos_statue_roulette, layout_loops_corners, serial_shops,
          shop_statue, hangedman_little_slice_of_home, jmf_multi_god_temple

Skill      XL: |  1  2  3  4  5  6  7  8  9 |
---------------+----------------------------+-----
Short Blades   | 1 2 3 |  3.4
Fighting       | 3 4 5 |  5.9
Bows           | 6 7 8 9 |  9.3
Dodging        | 2 3 |  3.3
Invocations    | 2 3 4 6 7 |  7.8
Hexes          | 2 3 |  3.7
Evocations     | 3 5 |  5.1
Stealth        | |  0.4

Action                   |  1- 3 |  4- 6 |  7- 9 || total
-------------------------+-------+-------+-------++-------
Melee: Short sword       |    87 |   119 |    33 ||   239
       Kick              |    13 |    25 |    65 ||   103
       Dagger            |       |       |    26 ||    26
       Rapier            |       |       |   154 ||   154
 Fire: Shortbow          |    71 |    60 |   129 ||   260
Throw: Stone             |       |       |    19 ||    19
       Throwing net      |       |       |     2 ||     2
Evoke: Wand              |       |       |     1 ||     1
  Use: Potion            |       |     1 |     7 ||     8
       Scroll            |       |       |    16 ||    16
  Eat: Chunk             |       |     2 |     4 ||     6
       Ration            |       |     2 |     3 ||     5
Armor: Leather armour    |     4 |       |       ||     4
       Scale mail        |    58 |    86 |    95 ||   239
Dodge: Dodged            |    45 |    70 |    96 ||   211
